 Dungeon Crawl Stone Soup version 0.26.1-11-gd32895ea62 (webtiles) character file.

Game seed: 14254655310612725266

3 growler the Digger (level 1, -4/14 HPs)
             Began as a Ghoul Earth Elementalist on June 25, 2021.
             Slain by a gnoll
             ... wielding a +4 halberd of venom
              (18 damage)
             ... on level 1 of the Dungeon.
             The game lasted 00:01:47 (220 turns).

growler the Digger (Ghoul Earth Elementalist)        Turns: 220, Time: 00:01:48

Health: -4/14      AC:  2    Str: 11    XL:     1   Next: 50%
Magic:  0/2        EV: 12    Int: 10    God:
Gold:   35         SH:  0    Dex:  9    Spells: 2/3 levels left

rFire    . . .     SeeInvis .   (no weapon)
rCold    + . .     Faith    +   (no shield)
rNeg     + + +     Spirit   .   c - +0 robe
rPois    ∞         Reflect  .   (no helmet)
rElec    .         Harm     .   (no cloak)
rCorr    .         Rampage  .   (no gloves)
Will     .....                  (no boots)
Stlth    ++........             a - amulet of faith {!P}
HPRegen  0.00/turn              (no ring)
MPRegen  0.08/turn              (no ring)

@: no status effects
A: claws 1, cold resistance 1, negative energy resistance 3, inhibited
regeneration, torment resistance, unbreathing
a: no special abilities


You were on level 1 of the Dungeon.
You visited 1 branch of the dungeon, and saw 1 of its levels.

You collected 35 gold pieces.

Inventory:

Missiles
 b - 28 stones
Armour
 c - a +0 robe (worn)
Jewellery
 a - an amulet of faith (around neck) {!P}
   (You found it on level 1 of the Dungeon)


   Skills:
 - Level 1.7 Dodging
 - Level 2.1 Stealth
 + Level 1.8 Spellcasting
 + Level 1.0 Transmutations
 + Level 3.3 Earth Magic


You had 2 spell levels left.
You knew the following spells:

 Your Spells              Type           Power        Failure   Level
a - Sandblast             Erth           14%          8%          1

Your spell library contained the following spells:

 Spells                   Type           Power        Failure   Level
 Passwall                 Tmut/Erth      4%           19%         2
 Stone Arrow              Conj/Erth      8%           43%         3
 Petrify                  Tmut/Erth      5%           77%         4
 Lee's Rapid Deconstruct  Erth           3%           91%         5


Dungeon Overview and Level Annotations

Branches:
Dungeon (1/15)

Altars:


Innate Abilities, Weirdness & Mutations

You thrive by killing the living.
You are immune to poison.
You have sharp fingernails.
Your flesh is cold resistant. (rC+)
You are immune to negative energy. (rN+++)
You do not regenerate when monsters are visible.
You are immune to unholy pain and torment.
You can survive without breathing.


Message History

You scratch the hobgoblin but do no damage.
The hobgoblin misses you.
You barely miss the hobgoblin.
The hobgoblin hits you but does no damage.
You scratch the hobgoblin. The hobgoblin closely misses you.
You scratch the hobgoblin but do no damage.
The hobgoblin closely misses you.
You scratch the hobgoblin but do no damage.
The hobgoblin barely misses you.
You scratch the hobgoblin.
You kill the hobgoblin!
You feel better.
Your Transmutations skill increases to level 1!
Things that are here:
a +0 club; a hobgoblin corpse
Found a thin sapphire amulet.
a - a thin sapphire amulet You start putting on your amulet.
You continue putting on your thin sapphire amulet. x5
You finish putting on your uncursed amulet of faith.
You feel a strange surge of divine interest.
a - an amulet of faith (around neck)
Found 7 gold pieces.
A rat comes into view.
A rat is nearby!
The helpless rat fails to defend itself.
You scratch the rat.
You kill the rat!
You now have 35 gold pieces (gained 7).
A gnoll comes into view. It is wielding a +4 halberd of venom.
What are your orders? t - Shout!
Orders for allies: a - Attack new target. r - Retreat! s - Stop attacking. g - Guard the area. f - Follow me.
Anything else - Cancel.
You shout for attention!
You hear an angry hiss.
A frilled lizard comes into view.
The frilled lizard hisses angrily.
You barely miss the frilled lizard. The frilled lizard closely misses you.
You closely miss the frilled lizard. The frilled lizard barely misses you.
You scratch the frilled lizard.
You kill the frilled lizard!
Aim: a gnoll, wielding a +4 halberd of venom (19% to evade)
The blast of sand hits the gnoll.
Aim: a gnoll, wielding a +4 halberd of venom (heavily wounded, 19% to evade)
The blast of sand hits the gnoll but does no damage.
The gnoll hits you from afar with a +4 halberd of venom!!
Ouch! That really hurt!
You die...

### ######### #.. #....g..#
#.# #.# #.# #.# ###
.....##.###########.# #..
....................###.###
...####†#..g.#.###.........
...#..#.#.# #.####.###
#####..#@#.# #.# #.#
#......# #.# #.#
#....#####.####.##
#................###
#.#..######.##.#...# #....#
#.#.###..#
####...######.##.#...##
+......................
####...######.##.#...##


You could see a gnoll.

Vanquished Creatures
  A hobgoblin (D:1)
  A bat (D:1)
  A frilled lizard (D:1)
  A rat (D:1)
4 creatures vanquished.

Notes
Turn   | Place    | Note
-------+----------+-------------------------------------------
     0 | D:1      | growler the Ghoul Earth Elementalist began the quest for
                  | the Orb.
     0 | D:1      | Reached XP level 1. HP: 14/14 MP: 2/2
   113 | D:1      | Reached skill level 1 in Transmutations
   220 | D:1      | Slain by a gnoll

Illustrated notes

Levels and vault maps discovered:
D:1:      dpeg_arrival_another_circle, layout_loops_corners

Skill      XL: |  1 |
---------------+----+-----
Transmutations | 1 |  1.0
Dodging        | |  1.7
Stealth        | |  2.1
Spellcasting   | |  1.8
Earth Magic    | |  3.3

Action                   || total
-------------------------++-------
Melee: Unarmed           ||    15
 Cast: Sandblast         ||     2
 Stab: Sleeping          ||     1
Armor: Robe              ||     2
Dodge: Dodged            ||    12
